 Dungeon Crawl Stone Soup version 0.21-a0-351-g38363bb (webtiles) character file.

402 xomor the Cudgeler (level 6, -5/66 HPs)
             Began as an Ogre Chaos Knight on Oct 9, 2017.
             Slain by Prince Ribbit (10 damage)
             ... on level 4 of the Dungeon.
             The game lasted 00:07:57 (3047 turns).

xomor the Cudgeler (Ogre Chaos Knight)              Turns: 3047, Time: 00:07:57

Health: -5/66      AC:  5    Str: 22    XL:     6   Next: 85%
Magic:  6/6        EV: 10    Int: 13    God:    Xom [.*....]
Gold:   228        SH:  0    Dex: 10    Spells: 3/5 levels left

rFire    . . .     SeeInvis .   C - -3 morningstar (curse)
rCold    . . .     Gourm    .   (no shield)
rNeg     . . .     Faith    .   b - +2 robe
rPois    .         Spirit   .   (helmet restricted)
rElec    .         Reflect  .   (no cloak)
rCorr    .         Harm     .   (gloves unavailable)
MR       .....                  (boots unavailable)
Stlth    +.........             (no amulet)
HPRegen  0.21/turn              j - +3 ring of slaying
MPRegen  0.10/turn              (no ring)

@: mighty, very slightly contaminated, invisible
A: unfitting armour, tough skin 1
a: Renounce Religion


You were on level 4 of the Dungeon.
You worshipped Xom.
You were a plaything of Xom.
You were not hungry.

You visited 1 branch of the dungeon, and saw 5 of its levels.

You collected 228 gold pieces.

Inventory:

Hand Weapons
 a - a +1 mace of chaos
 i - a +0 hand axe
 k - a +0 mace
 C - a cursed -3 morningstar (weapon)
Missiles
 o - 27 stones (quivered)
 s - 5 large rocks
Armour
 b - a +2 robe (worn)
 y - a +1 shield
Jewellery
 j - a +3 ring of slaying (left hand)
Wands
 n - a wand of lightning (7/15)
 v - a wand of flame (37/48)
Scrolls
 B - a scroll of magic mapping
Potions
 f - a potion of flight {unknown}
 u - 3 potions of magic
 w - a potion of heal wounds {unknown}
 x - a potion of lignification {unknown}
Books
 t - a book of Minor Magic

   Spells                             Type                      Level
   a - Magic Dart                     Conjuration                  1
   b - Blink                          Translocation                2
   c - Call Imp                       Summoning                    2
   d - Slow                           Hexes                        2
   e - Conjure Flame                  Conjuration/Fire             3
   f - Mephitic Cloud                 Conjuration/Poison/Air       3
Comestibles
 c - 2 bread rations
 g - 4 meat rations
 A - a royal jelly


   Skills:
 * Level 5.2 Fighting
 - Level 6.0 Maces & Flails
 * Level 2.9 Dodging


You had 3 spell levels left.
You knew the following spells:

 Your Spells              Type           Power        Failure   Level  Hunger
a - Blink                 Tloc           N/A          43%         2    ###....


Dungeon Overview and Level Annotations

Branches:
Dungeon (5/15)
 Temple: D:4-7

Altars:
Vehumet

Annotations:
D:4 Prince Ribbit


Innate Abilities, Weirdness & Mutations

You are too large for most types of armour.
You have tough skin. (AC +1)


Message History

Prince Ribbit winks and puckers his lips.
There is a stone staircase leading up here.
Prince Ribbit barely misses you.
You climb upwards.
There is a stone staircase leading down here.
Okay, then.
It was a potion of magic.
Magic courses through your body.
Xom thinks this is hilarious!
Prince Ribbit hits you!
* * * LOW HITPOINT WARNING * * *
It was a potion of might.
You feel very mighty all of a sudden.
Xom thinks this is hilarious!
Prince Ribbit closely misses you. Prince Ribbit barely misses you.
Okay, then.
You closely miss Prince Ribbit.
Prince Ribbit is moderately wounded.
Prince Ribbit hits you!
You die...
Xom bursts into laughter!

#####....###.......# #...'......
#...'......#.......# #...#......
#.###....###.......###...##'#...
#.# ###### #.......'....#...#...
#.# #.......######.#.#... #.#
#.......# #.#.#.#... #.#
#.......####...###### #.#
#....F..#......# #.#
##########@####......# #.#
#......###.## #......#
##.####......#....# #......#
#....^.......'....# ####'#.#
#######......#....# #.#.#
#......#....# #.#.#
#......#....# #.#.#
#......#....# #.#.###
#......#....# #.#...#


You could see Prince Ribbit.

Vanquished Creatures
  The ghost of nikopol the Chopper, an amateur HOFi of Okawaru (D:4)
  A scorpion (D:5)
  A bullfrog skeleton (D:5)
  An orc wizard (D:5)
  Jessica (D:2)
  An iguana (D:4)
  A worker ant (D:5)
  2 adders
  2 oozes
  An adder skeleton (D:5)
  A worm (D:2)
  2 leopard geckos
  11 orcs
  A giant cockroach (D:3)
  4 goblins
  4 hobgoblins
  4 quokkas (D:3)
  5 bats
  7 frilled lizards
  8 kobolds
  8 rats
67 creatures vanquished.

Notes
Turn   | Place    | Note
-------+----------+-------------------------------------------
     0 | D:1      | xomor the Ogre Chaos Knight began the quest for the Orb.
     0 | D:1      | Reached XP level 1. HP: 24/24 MP: 1/1
   110 | D:1      | XOM: harmless Tloc miscast
   176 | D:1      | Reached skill level 3 in Maces & Flails
   251 | D:1      | Reached XP level 2. HP: 32/32 MP: 2/2
   656 | D:1      | XOM: cloud trail
   751 | D:1      | You fall through a shaft!
   757 | D:2      | Reached XP level 3. HP: 39/39 MP: 3/3
   882 | D:2      | Found a radiant altar of Vehumet.
   992 | D:2      | Noticed Jessica
   994 | D:2      | XOM: potion effect (curing)
  1012 | D:2      | Killed Jessica
  1012 | D:2      | Reached skill level 4 in Maces & Flails
  1294 | D:2      | Reached XP level 4. HP: 43/48 MP: 4/4
  1452 | D:3      | XOM: divination: detect items
  1655 | D:3      | XOM: medium Ice miscast
  1723 | D:3      | XOM: 6-stop teleportation journey
  1806 | D:3      | Learned a level 2 spell: Blink
  1870 | D:3      | XOM: medium Summ miscast
  1871 | D:3      | Noticed a smoke demon
  1895 | D:4      | Noticed nikopol's ghost (amateur HOFi)
  1902 | D:4      | XOM: summons friendly shadow imp
  1906 | D:4      | XOM: butterfly on damage
  1979 | D:4      | XOM: summons 3 friendly demons
  2019 | D:4      | XOM: summons friendly ufetubus
  2023 | D:4      | XOM: fog
  2026 | D:4      | Killed nikopol's ghost
  2026 | D:4      | Reached skill level 6 in Maces & Flails
  2026 | D:4      | Reached XP level 5. HP: 27/54 MP: 5/5
  2026 | D:4      | Reached XP level 6. HP: 31/62 MP: 6/6
  2224 | D:4      | XOM: polymorph ufetubus -> white imp
  2277 | D:4      | XOM: 2-stop teleportation journey
  2448 | D:5      | Entered Level 5 of the Dungeon
  2475 | D:5      | XOM: confusion
  2485 | D:5      | XOM: enchant monster (good)
  2495 | D:5      | XOM: mild Necr miscast
  2614 | D:5      | XOM: polymorph giant cockroach -> kobold
  2637 | D:5      | Reached skill level 5 in Fighting
  3018 | D:5      | Noticed Prince Ribbit
  3026 | D:5      | HP: 2/66 [Prince Ribbit (17)]
  3047 | D:4      | Slain by Prince Ribbit

Vault maps used:
D:1:      lightli_arrival_isolated_outpost
D:2:      lemuel_round_altar, uniq_jessica
D:3:      wad_woods_tower, bloody_trog, chequers_ecumenical_altar_grove,
          first_bread
D:4:      kennysheep_generic_room_7, uniq_eustachio
D:5:      lemuel_crystal_altar, uniq_prince_ribbit1, uniq_duvessa

Skill      XL: |  1  2  3  4  5  6 |
---------------+-------------------+-----
Maces & Flails | 3 4 6 |  6.0
Fighting       | 5 |  5.2
Dodging        | |  2.9

Action                   |  1- 3 |  4- 6 || total
-------------------------+-------+-------++-------
Melee: Mace              |    81 |    83 ||   164
       Hand axe          |    29 |       ||    29
       Morningstar       |       |    20 ||    20
Throw: Stone             |       |     7 ||     7
  Use: Scroll            |     2 |     9 ||    11
       Potion            |       |     7 ||     7
 Stab: Paralysed         |     1 |       ||     1
       Sleeping          |       |     1 ||     1
  Eat: Chunk             |     1 |     3 ||     4
       Bread ration      |       |     1 ||     1
Armor: Robe              |    51 |    38 ||    89
Dodge: Dodged            |    66 |    69 ||   135

Table legend:
 A = Spawn XP
 B = Non-spawn XP
 C = Spawn XP percentage of total XP
 D = Spawn monster count
 E = Non-spawn monster count
 F = Spawn count percentage of total count
 G = Total turns spent on level
                    A         B        C        D         E        F      G
               +---------+---------+-------+---------+---------+-------+---------
         Total |       0 |     575 |   0.0 |       0 |      67 |   0.0 |  3047
               +---------+---------+-------+---------+---------+-------+---------
           D:1 |       0 |      33 |   0.0 |       0 |      21 |   0.0 |   751
           D:2 |       0 |      56 |   0.0 |       0 |      12 |   0.0 |   684
           D:3 |       0 |      65 |   0.0 |       0 |      21 |   0.0 |   456
           D:4 |       0 |     235 |   0.0 |       0 |       3 |   0.0 |   560
           D:5 |       0 |     186 |   0.0 |       0 |      10 |   0.0 |   596
               +---------+---------+-------+---------+---------+-------+---------
